 Dungeon Crawl Stone Soup version 0.26.1-2-gb8aa6d0cf2 (webtiles) character file.

Game seed: 10783390346474909663

137 MalarOregon the Chucker (level 5, -9/35 HPs)
             Began as a Halfling Hunter on Mar 28, 2021.
             Killed by divine providence
             ... invoked by an orc priest
              (12 damage)
             ... on level 3 of the Dungeon.
             The game lasted 00:05:05 (1840 turns).

MalarOregon the Chucker (Halfling Hunter)           Turns: 1840, Time: 00:05:06

Health: -9/35      AC:  4    Str: 14    XL:     5   Next: 44%
Magic:  5/5        EV: 15    Int:  9    God:
Gold:   164        SH:  0    Dex: 15    Spells: 4/4 levels left

rFire    . . .     SeeInvis .   n - +0 falchion
rCold    . . .     Faith    .   (shield restricted)
rNeg     . . .     Spirit   .   b - +0 leather armour
rPois    .         Reflect  .   (no helmet)
rElec    .         Harm     .   p - +0 cloak
rCorr    .         Rampage  .   (no gloves)
Will     .....                  (no boots)
Stlth    ++........             (no amulet)
HPRegen  0.11/turn              (no ring)
MPRegen  0.09/turn              (no ring)

@: no status effects
A: small, mutation resistance 1
a: no special abilities


You were on level 3 of the Dungeon.
You visited 1 branch of the dungeon, and saw 3 of its levels.

You collected 164 gold pieces.

Inventory:

Hand Weapons
 n - a +0 falchion (weapon)
   (You found it on level 2 of the Dungeon)
Missiles
 c - 5 boomerangs (quivered)
 d - 2 throwing nets {!f}
 i - 149 stones
Armour
 b - a +0 leather armour (worn)
 p - a +0 cloak (worn)
   (You found it on level 2 of the Dungeon)
Scrolls
 g - a scroll of teleportation {unknown}
 h - a scroll of enchant armour {unknown}
 j - 3 scrolls of remove curse {unknown}
 k - 4 scrolls of identify {@r1}
Potions
 a - a potion of resistance {unknown}
 e - a potion of flight {unknown}
 l - 2 potions of degeneration {unknown}
 m - 2 potions of curing {unknown}


   Skills:
 + Level 2.6 Fighting
 - Level 0.6(1.4) Short Blades
 * Level 1.6 Long Blades
 + Level 4.5 Throwing
 + Level 2.0 Armour
 + Level 3.1 Dodging
 - Level 1.1 Stealth


You had 4 spell levels left.
You didn't know any spells.
Your spell library was empty.

Dungeon Overview and Level Annotations

Branches:
Dungeon (3/15)

Altars:
Dithmenos
Xom


Innate Abilities, Weirdness & Mutations

You are small and have problems with some larger weapons.
You are somewhat resistant to further mutation.


Message History

You barely miss the orc. The orc barely misses you.
You riposte.
You completely miss the orc. You hit the orc.
An orc comes into view. It is wielding a +0 club.
The orc misses you.
You completely miss the orc. The orc closely misses you.
An orc priest comes into view. It is wielding a +0 mace.
You barely miss the orc. The orc hits you with a +0 dagger.
You hit the orc.
You kill the orc!
The orc closely misses you. The orc completely misses you.
You riposte.
You hit the orc. You barely miss the orc.
The orc priest hits you with a +0 mace. The orc hits you but does no damage.
You barely miss the orc. The orc priest barely misses you.
You riposte.
You barely miss the orc priest. The orc misses you.
You riposte.
You barely miss the orc. You slash the orc!
You kill the orc!
The orc priest looks braver for a moment.
You hit the orc priest but do no damage.
The orc priest looks braver for a moment.
You hit the orc priest but do no damage.
The orc priest hits you with a +0 mace.
You hit the orc priest. The orc priest hits you with a +0 mace.
* * * LOW HITPOINT WARNING * * *
You hit the orc priest but do no damage.
The orc priest looks encouraged for a moment.
The orc priest calls down the wrath of Beogh upon you.
Pain shoots through your body!
* * * LOW HITPOINT WARNING * * *
Here: an orc priest, wielding a +0 mace and wearing a +0 scale mail (moderately wounded) Item here: a +0 dagger.
The floor, spattered with blood.
Unknown command.
You barely miss the orc priest. The orc priest misses you.
You riposte.
You hit the orc priest but do no damage.
You hit the orc priest.
The orc priest hits you but does no damage.
You completely miss the orc priest.
The orc priest mumbles some strange prayers to Beogh against you.
Pain shoots through your body!
* * * LOW HITPOINT WARNING * * *
Okay, then.
You hit the orc priest. The orc priest hits you with a +0 mace.
* * * LOW HITPOINT WARNING * * *
You hit the orc priest but do no damage.
The orc priest invokes the aid of Beogh against you.
Beogh smites you!
You die...

#.##.###
#.)....##
##.......
#.......#
#.......#
#(.....<#
##....!##
.#.......#
..$....@.#
#?....)o.#
#.......##
##.......
###.....
#####.# ..
#.


You could see an orc priest.

Vanquished Creatures
  An orc priest (D:2)
  An orc wizard (D:2)
  2 adders (D:2)
  An ooze (D:1)
  A worm (D:2)
  A dart slug (D:1)
  5 orcs (D:3)
  3 giant cockroaches
  3 goblins
  6 hobgoblins
  7 jackals (D:2)
  5 bats
  4 frilled lizards
  6 kobolds
  4 rats
50 creatures vanquished.

Notes
Turn   | Place    | Note
-------+----------+-------------------------------------------
     0 | D:1      | MalarOregon the Halfling Hunter began the quest for the
                  | Orb.
     0 | D:1      | Reached XP level 1. HP: 14/14 MP: 1/1
    50 | D:1      | Reached XP level 2. HP: 19/19 MP: 2/2
   111 | D:1      | Reached skill level 1 in Armour
   196 | D:1      | Reached XP level 3. HP: 24/24 MP: 3/3
   647 | D:2      | Reached XP level 4. HP: 23/29 MP: 4/4
   767 | D:2      | Found a shimmering altar of Xom.
   977 | D:2      | Found a shimmering altar of Xom.
  1379 | D:2      | Found a shadowy altar of Dithmenos.
  1650 | D:2      | Reached skill level 1 in Long Blades
  1650 | D:2      | Reached XP level 5. HP: 22/35 MP: 5/5
  1840 | D:3      | Killed from afar by an orc priest

Illustrated notes

Levels and vault maps discovered:
D:1:      mushboom_english_gardens, layout_rooms
D:2:      layout_basic, nicolae_overflow_crystal_walls, xom_redecorated,
          chequers_decorated_corner, palyth_stone_intersect
D:3:      layout_rooms, uniq_grinder

Skill      XL: |  1  2  3  4  5 |
---------------+----------------+-----
Fighting       | 2 |  2.6
Armour         | 1 2 |  2.0
Long Blades    | 1 |  1.6
Dodging        | 3 |  3.1
Short Blades   | |  0.6
Throwing       | |  4.5
Stealth        | |  1.1

Action                   |  1- 3 |  4- 6 || total
-------------------------+-------+-------++-------
Melee: Short sword       |    26 |       ||    26
       Falchion          |       |    70 ||    70
Throw: Boomerang         |    51 |    38 ||    89
  Use: Scroll            |       |     2 ||     2
 Stab: Sleeping          |       |     1 ||     1
Armor: Leather armour    |     7 |    13 ||    20
Dodge: Dodged            |    22 |    66 ||    88
       Rpst.: Falchion   |       |    29 ||    29
